 Dungeon Crawl Stone Soup version 0.28.0-1-gb440e238dd (webtiles) character file.

Game seed: 6072807324917672692

100638 jt the Fighter (level 16, -1/159 HPs)
             Began as a Naga Hunter on Feb 20, 2022.
             Was an Initiate of Gozag.
             Shot with a bolt by a naga sharpshooter (31 damage)
             ... on level 2 of the Snake Pit on Feb 21, 2022.
             The game lasted 01:30:45 (28226 turns).

jt the Fighter (Naga Hunter)                       Turns: 28226, Time: 01:30:46

Health: -1/159     AC: 32    Str: 31    XL:     16   Next: 28%
Magic:  8/16       EV:  6    Int: 17    God:    Gozag
Gold:   4267       SH: 14    Dex: 14    Spells: 15/15 levels left

rFire   + + .      SeeInvis +   R - +3 war axe of Jadah {venom, rC++ Str+5}
rCold   + + .      Faith    .   x - +2 buckler
rNeg    + + .      Spirit   .   p - +5 chain mail "Deut Suu" {rF++ rN+ SInv}
rPois   +          Reflect  +   h - +0 helmet
rElec   .          Harm     +   U - +2 cloak {rCorr}
rCorr   +          Rampage  .   S - +0 pair of fencer's gloves {Riposte Dex+3}
Will    +++..                   o - +3 barding "Ritoxkar" {Harm rN+ Int+2}
Stlth   ..........              y - amulet of reflection
HPRegen 0.36/turn               z - ring of willpower
MPRegen 0.15/turn               q - +6 ring of strength

@: gold aura, very slow
A: AC +5, large, see invisible, deformed body, poison resistance, slowness 2,
spit poison 1, naga tail 2
a: Spit Poison, Renounce Religion, Potion Petition, Call Merchant, Bribe Branch


You were on level 2 of the Snake Pit.
You worshipped Gozag.
Gozag was most pleased with you.
You visited 5 branches of the dungeon, and saw 23 of its levels.
You visited the Abyss 1 time.
You also visited: Bailey and Volcano.

You collected 6590 gold pieces.
You spent 856 gold pieces at shops.
You paid 1467 gold pieces to Gozag.

Inventory:

Hand Weapons
 a - the +11 spear of Rotation {holy, rElec}
   (You found it on level 4 of the Dungeon)

   It has been blessed by the Shining One to cause great damage to the undead
   and demons.
   rElec:     It insulates you from electricity.
 b - the +6 hunting sling "Poufroan" {vorpal, Str+9 Int+2}
   (You took it off a red devil in a volcano)

   Any ammunition fired from it inflicts extra damage upon your enemies.
   Str:       It affects your strength (+9).
   Int:       It affects your intelligence (+2).
 e - the +10 morningstar "Kosoit" {flame, rElec Str+2}
   (You took it off a kobold in a bailey)

   It burns those it strikes, dealing additional fire damage.
   Str:       It affects your strength (+2).
   rElec:     It insulates you from electricity.
 R - the +3 war axe of Jadah (weapon) {venom, rC++ Str+5}
   (You found it on level 11 of the Dungeon)

   It poisons the flesh of those it strikes.
   Str:       It affects your strength (+5).
   rC:        It greatly protects you from cold.
Missiles
 d - 139 sling bullets
 w - 4 throwing nets (quivered)
 B - 263 stones
 I - 8 curare-tipped darts
 O - 3 javelins
Armour
 h - a +0 helmet (worn)
 o - the +3 barding "Ritoxkar" (worn) {Harm rN+ Int+2}
   (You acquired it on level 1 of the Lair of Beasts)

   Int:       It affects your intelligence (+2).
   rN:        It protects you from negative energy.
   Harm:      It increases damage dealt and taken.
 p - the +5 chain mail "Deut Suu" (worn) {rF++ rN+ SInv}
   (You found it on level 2 of the Dungeon)

   rF:        It greatly protects you from fire.
   rN:        It protects you from negative energy.
   SInv:      It lets you see invisible.
 x - a +2 buckler (worn)
 S - the +0 pair of fencer's gloves (worn) {Riposte Dex+3}
   (You found it in a volcano)

   It allows the wearer to riposte with melee weapons, swiftly retaliating
   against missed attacks.
   Dex:       It affects your dexterity (+3).
 U - a +2 cloak of preservation (worn)
 Y - a +0 kite shield
Magical Staves
 t - a staff of death
Jewellery
 m - a ring of flight
 q - a +6 ring of strength (right hand)
 y - an amulet of reflection (around neck)
 z - a ring of willpower (left hand)
 A - a ring of ice
Wands
 f - a wand of polymorph (13)
 r - a wand of iceblast (9)
 D - a wand of mindburst (20)
 F - a wand of charming (24)
 H - a wand of digging (17)
 M - a wand of flame (26)
 P - a wand of acid (3)
Scrolls
 g - 3 scrolls of fog
 i - 2 scrolls of fear
 j - 5 scrolls of blinking
 l - 6 scrolls of identify
 n - 5 scrolls of teleportation
 s - 2 scrolls of enchant weapon
 u - 5 scrolls of magic mapping
 E - 7 scrolls of vulnerability
 J - a scroll of enchant armour
 L - 2 scrolls of immolation
Potions
 k - 7 potions of curing
 v - 9 potions of flight
 C - 2 potions of might
 G - 2 potions of mutation
 N - 3 potions of haste
 Q - 4 potions of heal wounds
 T - a potion of resistance
 V - a potion of cancellation
 X - a potion of berserk rage
 Z - 2 potions of magic
Miscellaneous
 W - a phantom mirror


   Skills:
 + Level 14.2 Fighting
 - Level 0.1(7.5) Axes
 - Level 11.9(12.0) Polearms
 + Level 7.8 Slings
 + Level 9.5 Armour
 + Level 4.9 Dodging
 - Level 2.6 Stealth
 + Level 10.8 Shields
 + Level 11.8 Evocations


You had 15 spell levels left.
You didn't know any spells.
Your spell library contained the following spells:

 Spells                   Type           Power      Damage    Failure   Level
 Animate Skeleton         Necr           0%         N/A       71%         1
 Apportation              Tloc           0%         N/A       71%         1
 Pain                     Necr           0%         1d4       71%         1
 Shock                    Conj/Air       0%         1d3       71%         1
 Summon Small Mammal      Summ           0%         N/A       71%         1
 Blink                    Tloc           0%         N/A       83%         2
 Static Discharge         Conj/Air       0%         N/A       83%         2
 Sublimation of Blood     Necr           0%         N/A       83%         2
 Call Canine Familiar     Summ           0%         N/A       97%         3
 Lesser Beckoning         Tloc           0%         N/A       97%         3
 Stone Arrow              Conj/Erth      0%         3d7       97%         3
 Summon Guardian Golem    Hex/Summ       0%         N/A       97%         3
 Swiftness                Air            0%         N/A       97%         3
 Vampiric Draining        Necr           0%         2d6       97%         3
 Airstrike                Air            0%         N/A       100%        4
 Animate Dead             Necr           0%         N/A       100%        4
 Dispel Undead            Necr           0%         3d6       100%        4
 Sticky Flame             Conj/Fire      0%         2d3       100%        4
 Alistair's Intoxication  Tmut/Pois      0%         N/A       100%        5
 Freezing Cloud           Conj/Ice/Air   0%         6-21      100%        5
 Manifold Assault         Tloc           0%         N/A       100%        5
 Metabolic Englaciation   Hex/Ice        0%         N/A       100%        5
 Statue Form              Tmut/Erth      0%         N/A       100%        6
 Storm Form               Tmut/Air       0%         N/A       100%        7
 Borgnjor's Revivificati  Necr           0%         N/A       100%        8
 Maxwell's Capacitive Co  Air            0%         ∞         100%        8
 Dragon's Call            Summ           0%         N/A       100%        9


Dungeon Overview and Level Annotations

Branches:
Dungeon (12/15)            Temple (1/1) D:7            Lair (6/6) D:10
 Shoals (0/4) Lair:3        Snake (2/4) Lair:3        Slime (0/5) Lair:6
    Orc (2/2) D:12            Elf (0/3) Orc:2        Bailey (visited)
Volcano (visited)

Altars:
Ashenzari
Cheibriados
Dithmenos
Elyvilon
Fedhas
Gozag
Hepliaklqana
Kikubaaqudgha
Makhleb
Nemelex Xobeh
Okawaru
Qazlal
Ru
Sif Muna
Trog
Uskayaw
Vehumet
Wu Jian
Xom
Yredelemnul
Zin
The Shining One
Jiyva

Shops:
D:7 (   Orc:2 [*:?   Lair:2 [   Lair:5 =

Portals:
Hell: Lair:6

Annotations:
D:4 1 runed translucent door, Crazy Yiuf
D:6 3 runed translucent doors, manifold's ghost, novice VSTm


Innate Abilities, Weirdness & Mutations

Your serpentine skin is tough. (AC +5)
You have supernaturally acute eyesight. (SInv)
Armour fits poorly on your strangely shaped body.
Your system is resistant to poisons. (rPois)
You cover ground very slowly.
You can spit poison.
You can use your snake-like lower body to constrict enemies.


Message History

The fiery explosion engulfs you! You resist.
The fiery explosion engulfs the anaconda!!!
The anaconda explodes!
The fiery explosion engulfs the mana viper!!
The fiery explosion engulfs you. You resist.
The fiery explosion engulfs the anaconda!!
The fiery explosion engulfs the naga ritualist!!
Flame seeps out of the naga ritualist.
The naga ritualist is heavily wounded.
The anaconda explodes!
The fiery explosion engulfs you! You resist.
* * * LOW HITPOINT WARNING * * *
The fiery explosion engulfs the naga ritualist!!!
The naga ritualist explodes!
The mana viper explodes!
The fiery explosion engulfs you. You resist.
* * * LOW HITPOINT WARNING * * *
You are engulfed in blazing flames.
You resist.
You hear an angry hiss.
You hear a shout!
The naga sharpshooter unwields a +0 scimitar.
The naga sharpshooter wields a +0 arbalest.
The naga sharpshooter gestures wildly while chanting.
The naga sharpshooter magically shoots a bolt.
The bolt hits you but does no damage.
The naga is distracted by your dazzling golden aura.
The naga sharpshooter casts a spell.
The naga sharpshooter magically shoots an arrow.
You reflect the arrow off an invisible shield around you!
You feel much better.
You are engulfed in blazing flames.
You resist.
* * * LOW HITPOINT WARNING * * *
The naga sharpshooter mumbles some strange words.
The naga sharpshooter magically shoots an arrow.
The arrow hits you but does no damage.
The naga sharpshooter shoots a bolt.
The bolt hits you!
* * * LOW HITPOINT WARNING * * *
You are engulfed in blazing flames.
You resist.
The naga sharpshooter mumbles some strange words.
The naga sharpshooter magically shoots a bolt.
The bolt hits you!!
You die...
Your body crumbles into a pile of gold.

##........
###........# .
#...$..N.$.#..
#.$...:..$....
#.....NN.N...#
#....§§§§§.$$#
#...§..§§..##
#.$§@.§§.$.#
#..§.)§$.$.#
#$.§§§.$...#
#.$......$.#
..$.....$.###
.$########.#
.$# #. ". .$


You could see 3 naga sharpshooters and a naga (inner flame).

Vanquished Creatures
  A bone dragon (Abyss:2)
  A tentacled starspawn (Abyss:2)
  Kirke (D:12)
  A ghost moth (Abyss:2)
  A starcursed mass (Abyss:2)
  2 dire elephants
  Josephine (D:11)
  4 naga warriors (Snake:1)
  Harold (D:7)
  9 hydras
  A hell beast (Lair:6)
  2 rakshasas (Abyss:2)
  3 boulder beetles
  2 death knights
  9 death yaks
  6 anacondas
  2 catoblepae (Lair:5)
  3 two-headed ogres
  2 centaur warriors (D:12)
  3 shock serpents (Snake:1)
  4 naga sharpshooters (Snake:1)
  4 orc high priests (Orc:2)
  A sun demon (Volcano)
  A hell knight (Volcano)
  A salamander mystic (Snake:1)
  A shadow wraith (Abyss:2)
  Sonja (D:11)
  A sixfirhy (Abyss:2)
  5 naga ritualists
  An obsidian statue (D:12)
  2 wizards
  2 orc knights (Bailey)
  An ugly thing (Volcano)
  2 manticores (D:12)
  An orc sorcerer (Orc:2)
  7 mana vipers
  3 cyclopes
  A worldbinder (Abyss:2)
  2 salamanders (Snake:1)
  12 centaur zombies
  3 smoke demons (Abyss:2)
  15 elephants
  18 black mambas
  A molten gargoyle (Volcano)
  A merfolk siren (Lair:3)
  2 guardian serpents
  2 gargoyles
  4 naga magi (Snake:1)
  3 orange demons (Lair:6)
  2 torpor snails
  13 cane toads
  An unseen horror (D:11)
  5 rime drakes
  8 komodo dragons
  A kobold demonologist (D:11)
  A freezing wraith (D:12)
  A hellwing (Lair:6)
  An ice devil (Lair:6)
  An ancient zyme (Abyss:2)
  3 red devils
  3 trolls (D:12)
  3 polar bears
  4 large abominations (Abyss:2)
  29 blink frogs
  Grinder (D:4)
  6 dream sheep (Lair:5)
  3 raiju (Abyss:2)
  4 small abominations (Abyss:2)
  A centaur simulacrum (D:10)
  6 wraiths
  A ynoxinul (Abyss:2)
  20 yaks
  5 wyverns
  A hog (D:12)
  5 basilisks
  5 fire bats
  A chaos spawn (Abyss:2)
  A steam dragon (Lair:2)
  A neqoxec (Abyss:2)
  10 water moccasins
  21 nagas
  Duvessa (D:4)
  5 hell hounds
  23 orc warriors
  4 black bears
  3 necrophages
  5 ogres
  A wolf (Lair:6)
  A phantom (D:5)
  7 centaurs
  Blork the orc (D:4)
  A kobold brigand (D:11)
  10 bullfrogs
  A wyvern zombie (D:7)
  4 scorpions
  Dowan (D:4)
  A wyvern skeleton (D:6)
  12 killer bees
  12 wights
  2 electric eels (Lair:6)
  6 lava snakes (Volcano)
  A bullfrog zombie (D:4)
  An iron imp (Abyss:2)
  5 jellies
  30 orc priests
  2 hounds
  3 centaur skeletons
  3 iguanas
  26 orc wizards
  2 hell rats (Lair:6)
  A killer bee zombie (D:8)
  A hound skeleton (D:4)
  13 gnolls
  A howler monkey skeleton (D:5)
  6 adders
  7 river rats (Lair:6)
  2 shadow imps
  3 white imps
  A howler monkey simulacrum (D:11)
  An adder zombie (D:5)
  3 dart slugs
  47 orcs
  7 endoplasms
  6 giant cockroaches
  12 goblins
  13 hobgoblins
  17 kobolds
  4 quokkas
  9 ball pythons
  6 bats
  6 frilled lizards
  12 rats
677 creatures vanquished.

Vanquished Creatures (collateral kills)
  A freezing wraith (D:12)
  2 wraiths (D:12)
3 creatures vanquished.

Vanquished Creatures (others)
  40 fungi
  41 plants
  2 starspawn tentacles (Abyss:2)
83 creatures vanquished.

Grand Total: 763 creatures vanquished

Notes
Turn   | Place    | Note
-------+----------+-------------------------------------------
     0 | D:1      | jt the Naga Hunter began the quest for the Orb.
     0 | D:1      | Reached XP level 1. HP: 19/19 MP: 1/1
   120 | D:1      | Reached XP level 2. HP: 18/26 MP: 2/2
   799 | D:1      | Reached XP level 3. HP: 32/33 MP: 3/3
   850 | D:1      | Found a faded altar of an unknown god.
  1643 | D:2      | Identified the +5 chain mail "Deut Suu" {rF++ rN+ SInv}
  1786 | D:2      | Reached XP level 4. HP: 34/40 MP: 4/4
  1791 | D:2      | Reached skill level 3 in Fighting
  2122 | D:3      | Noticed a necrophage
  2123 | D:3      | Found a bloodstained altar of Trog.
  2128 | D:3      | Killed a necrophage
  2129 | D:3      | Reached XP level 5. HP: 44/50 MP: 5/5
  2501 | D:3      | Reached skill level 4 in Fighting
  2634 | D:3      | Reached skill level 5 in Slings
  2634 | D:3      | Reached XP level 6. HP: 57/57 MP: 6/6
  3171 | D:4      | Noticed Blork the orc
  3183 | D:4      | Killed Blork the orc
  3469 | D:4      | Identified the +11 spear of Rotation {holy, rElec}
  3560 | D:4      | Found a white marble altar of Elyvilon.
  3657 | D:4      | Noticed Duvessa
  3669 | D:4      | Killed Duvessa
  3670 | D:4      | Reached skill level 5 in Fighting
  3670 | D:4      | Reached skill level 1 in Polearms
  3670 | D:4      | Reached XP level 7. HP: 66/67 MP: 7/7
  3683 | D:4      | Noticed Dowan
  3696 | D:4      | Killed Dowan
  3997 | D:4      | Noticed Grinder
  4000 | D:4      | Killed Grinder
  4020 | D:4      | Found a runed translucent door.
  4021 | D:4      | Noticed Crazy Yiuf
  4147 | D:4      | Reached XP level 8. HP: 71/76 MP: 8/8
  4197 | D:4      | Reached skill level 6 in Fighting
  4456 | D:5      | Entered Level 5 of the Dungeon
  4837 | D:5      | Found an ornate altar of the Wu Jian Council.
  5309 | D:5      | Reached skill level 7 in Fighting
  5660 | D:6      | Reached skill level 5 in Polearms
  5660 | D:6      | Reached XP level 9. HP: 74/86 MP: 9/9
  5777 | D:6      | Found a broken altar of Ashenzari.
  5891 | D:6      | Found a runed translucent gate.
  5891 | D:6      | Found a runed translucent gate.
  5891 | D:6      | Found a runed translucent gate.
  5895 | D:6      | Noticed manifold's ghost (novice VSTm)
  6397 | D:7      | Reached skill level 8 in Fighting
  7006 | D:7      | Noticed Harold
  7135 | D:7      | Found a staircase to the Ecumenical Temple.
  7144 | Temple   | Entered the Ecumenical Temple
  7404 | D:7      | Killed Harold
  7405 | D:7      | Reached skill level 9 in Fighting
  7405 | D:7      | Reached XP level 10. HP: 32/99 MP: 10/10
  7723 | D:7      | Found Siqomi's Weapon Shop.
  7800 | D:7      | Found an opulent altar of Gozag.
  7811 | D:7      | Became a worshipper of Gozag Ym Sagoz the Greedy
  7999 | D:8      | Reached skill level 1 in Evocations
  8141 | D:8      | Found a shimmering altar of Xom.
  8533 | D:8      | Found a glowing silver altar of Zin.
  8721 | D:8      | Found a snail-covered altar of Cheibriados.
  9144 | D:9      | Reached skill level 1 in Shields
  9189 | D:9      | Found a flagged portal.
  9197 | D:9      | Noticed a death knight
  9211 | Bailey   | Entered a bailey
  9567 | Bailey   | Noticed an orc knight
  9572 | Bailey   | Noticed an orc knight
  9578 | Bailey   | Killed an orc knight
  9586 | Bailey   | Killed an orc knight
  9963 | Bailey   | Identified the +10 morningstar "Kosoit" {flame, rElec
                  | Str+2}
 10067 | Bailey   | Identified the +0 ring mail of the Devil {Regen+ Int+3}
 10334 | D:9      | Killed a death knight
 10335 | D:9      | Reached XP level 11. HP: 88/108 MP: 11/11
 10442 | D:9      | Noticed a two-headed ogre
 10453 | D:9      | Killed a two-headed ogre
 10658 | D:9      | Found a burning altar of Makhleb.
 10784 | D:9      | Reached skill level 10 in Polearms
 10849 | D:9      | Noticed a cyclops
 10862 | D:9      | Killed a cyclops
 11025 | D:10     | Entered Level 10 of the Dungeon
 11344 | D:10     | Found a radiant altar of Vehumet.
 11578 | D:10     | Reached skill level 5 in Shields
 11604 | D:10     | Got Hasuh's Almanac of Doomed Feathers
 11756 | D:10     | Found a staircase to the Lair.
 12074 | D:10     | Reached skill level 5 in Evocations
 12290 | Lair:1   | Entered Level 1 of the Lair of Beasts
 12426 | Lair:1   | Identified a scroll of acquirement
 12426 | Lair:1   | Acquired the +3 barding "Ritoxkar" {Harm rN+ Int+2}
 12576 | Lair:1   | Reached skill level 1 in Armour
 13141 | Lair:2   | Noticed a five-headed hydra
 13155 | Lair:2   | Killed a five-headed hydra
 13309 | Lair:2   | Reached XP level 12. HP: 114/116 MP: 12/12
 13319 | Lair:2   | Noticed a four-headed hydra
 13345 | Lair:2   | Killed a four-headed hydra
 13534 | Lair:2   | Reached skill level 10 in Fighting
 13876 | Lair:2   | Bought a runed cloak for 240 gold pieces
 14400 | Lair:3   | Found a dark tunnel.
 14415 | Volcano  | Entered a volcano
 14675 | Volcano  | Found a radiant altar of Vehumet.
 14675 | Volcano  | Noticed a sun demon
 14691 | Volcano  | Killed a sun demon
 14709 | Volcano  | Noticed a hell knight
 14723 | Volcano  | Killed a hell knight
 14853 | Volcano  | Identified the +6 hunting sling "Poufroan" {vorpal, Str+9
                  | Int+2}
 14853 | Volcano  | Found the +0 pair of fencer's gloves {Riposte Dex+3}
 15136 | Lair:3   | Found a staircase to the Shoals.
 15153 | Lair:3   | Noticed a six-headed hydra
 15161 | Lair:3   | Killed a six-headed hydra
 15217 | Lair:3   | Identified the +3 robe of the Albatross {Fly Regen+ SInv}
 15414 | Lair:3   | Found a staircase to the Snake Pit.
 15482 | Lair:3   | Gained mutation: You can use your snake-like lower body to
                  | constrict enemies. [Naga growth]
 15482 | Lair:3   | Reached XP level 13. HP: 126/126 MP: 13/13
 15486 | Lair:3   | Reached skill level 5 in Armour
 15847 | Lair:3   | Reached skill level 11 in Fighting
 16571 | Lair:4   | Noticed a dire elephant
 16735 | Lair:4   | Killed a dire elephant
 18581 | Lair:6   | Entered Level 6 of the Lair of Beasts
 18591 | Lair:5   | Reached skill level 12 in Fighting
 18948 | Lair:5   | Reached XP level 14. HP: 137/138 MP: 14/14
 20220 | Lair:6   | Noticed a dire elephant
 20240 | Lair:6   | Killed a dire elephant
 20381 | Lair:6   | Found a runed translucent door.
 20381 | Lair:6   | Found a viscous altar of Jiyva.
 20383 | Lair:6   | Found a staircase to the Slime Pits.
 20531 | Lair:6   | Reached skill level 10 in Evocations
 20653 | Lair:6   | Reached skill level 13 in Fighting
 20667 | Lair:6   | Found a burning altar of Makhleb.
 20689 | Lair:6   | Found a gateway to Hell.
 20696 | Lair:6   | Identified the +5 great sword of Waziowir {freeze, rF+
                  | Stlth+}
 21232 | D:11     | Noticed Josephine
 21245 | D:11     | Killed Josephine
 21636 | D:11     | Noticed Sonja
 21648 | D:11     | Killed Sonja
 21649 | D:11     | Reached XP level 15. HP: 148/148 MP: 15/15
 21714 | D:11     | Identified the +3 war axe of Jadah {venom, rC++ Str+5}
 22023 | D:12     | Found a runed translucent door.
 22042 | D:12     | Found a runed translucent door.
 22057 | D:12     | Found a runed translucent door.
 22128 | D:12     | Found a runed translucent door.
 22206 | D:12     | Found a staircase to the Orcish Mines.
 22553 | D:12     | Reached skill level 10 in Shields
 22953 | D:12     | Noticed Kirke
 22966 | D:12     | Killed Kirke
 23575 | Orc:1    | Entered Level 1 of the Orcish Mines
 23595 | Orc:1    | You fall into a shaft and drop 1 floor!
 23595 | Orc:2    | Entered Level 2 of the Orcish Mines
 23633 | Orc:1    | Cast into level 2 of the Abyss (orc warrior)
 23633 | Abyss:2  | Found a corrupted altar of Lugonu.
 23653 | Abyss:2  | Found a corrupted altar of Lugonu.
 23673 | Abyss:2  | Noticed a tentacled starspawn
 23691 | Abyss:2  | Killed a tentacled starspawn
 23757 | Abyss:2  | Noticed a ghost moth
 23770 | Abyss:2  | Killed a ghost moth
 23861 | Abyss:2  | Got Ymuy's Guide on the Frostbite and Stones
 23872 | Abyss:2  | Got the Volume of Changing
 23878 | Abyss:2  | Got the Collected Works on Creation
 23909 | Abyss:2  | Noticed a bone dragon
 23922 | Abyss:2  | Killed a bone dragon
 23936 | Abyss:2  | Got Yhumisch's Incunabulum of Moulding
 23938 | Abyss:2  | Got the Tome of Evil Rites
 24038 | Orc:1    | Escaped the Abyss
 24458 | Orc:2    | Found a staircase to the Elven Halls.
 25407 | Orc:2    | Found Kaebb's Book Shoppe.
 25407 | Orc:2    | Found Pizxom's Magic Scroll Shoppe.
 25408 | Orc:2    | Found Sohaorr's Assorted Antiques.
 25412 | Orc:2    | Found Noges's Armour Emporium.
 25416 | Orc:2    | Bought a scroll of blinking for 105 gold pieces
 25416 | Orc:2    | Bought a scroll of magic mapping for 49 gold pieces
 25416 | Orc:2    | Bought 2 scrolls of teleportation for 84 gold pieces
 25417 | Orc:2    | Bought a murky silvery potion for 31 gold pieces
 25417 | Orc:2    | Bought a marble ring for 175 gold pieces
 25425 | Orc:2    | Bought a potion of curing for 105 gold pieces
 25758 | Orc:2    | Bought a +0 helmet for 67 gold pieces
 25979 | Snake:1  | Entered Level 1 of the Snake Pit
 26735 | Snake:1  | Reached skill level 14 in Fighting
 27125 | Snake:1  | Reached XP level 16. HP: 149/159 MP: 16/16
 28226 | Snake:2  | Shot with a bolt by a naga sharpshooter

Illustrated notes

Levels and vault maps discovered:
D:1:      lemuel_arrival_behind_the_door_large, layout_loops_ring,
          ebering_ecumenical_altar_abandoned, minmay_ruptured
D:2:      layout_rooms
D:3:      layout_basic, trog_book, chequers_serial_rivers_large_a,
          nicolae_grassy_gnolls
D:4:      layout_gridville, mainiacjoe_overflow_alcove_2,
          uniq_crazy_yiuf_cottage, uniq_duvessa, uniq_blork_the_orc,
          uniq_grinder
D:5:      layout_loops_corners, nicolae_wu_jian_immortal_techniques
D:6:      layout_loops_ring, mainiacjoe_overflow_small_starburst,
          gammafunk_ghost_nasty_kobolds, minivault_23
D:7:      layout_loops_corners, grunt_gozag_statues,
          minmay_temple_entry_poolview, serial_shops, nicolae_shop_stone,
          eino_jars, uniq_harold
D:8:      layout_basic, xom_teletrap_fun, lemuel_round_altar,
          mainiacjoe_overflow_brackets
D:9:      layout_roguey, lightli_temple_of_fire, enter_bailey_5,
          grunt_ministairs_12
D:10:     hellmonk_ruined_rings, layout_grid_maze, nicolae_vehumet_altar_sigil,
          lair_entry_dummy
D:11:     layout_gridville, hangedman_weighted_door, uniq_sonja, uniq_josephine
D:12:     layout_cave_pods, orc_0_dummy, minmay_statue_crystal_thing, uniq_kirke
Temple:   nicolae_temple_x_marks_the_god
Lair:1:   layout_gridlike, grunt_megastairs_4, lemuel_fruit_tree
Lair:2:   layout_misc_corridors, st_stairs_3
Lair:3:   layout_chaotic_city, minmay_shoals_entry_lonely_mermaid,
          minmay_snake_entry_guardpost_medium, nicolae_volcano_entry_batcave,
          infiniplex_staircase_pool
Lair:4:   layout_roguey, nicolae_lair_grazing_beasts
          [nicolae_sub_lair_graze_edge, nicolae_sub_lair_graze_edge,
          nicolae_sub_lair_graze_edge, nicolae_sub_lair_graze_edge]
Lair:5:   cheibrodos_lair_river_kwai, layout_cave_pods, grunt_megastairs_2
Lair:6:   evil_forest, layout_regular_city, slime_altar_2, kennysheep_rathole,
          serial_bayou_shore_a, lemuel_fruit_fields, serial_bayou_shore_b
Snake:1:  layout_chambers, serial_bayou_shore_b
Snake:2:  layout_chambers, serial_bayou_shore_b, uniq_aizul, uniq_vashnia
Orc:1:    layout_caves
Orc:2:    st_orc_mages, layout_caves

Skill      XL: |  1  2  3  4  5  6  7  8  9 10 11 12 13 14 15 |
---------------+----------------------------------------------+-----
Stealth        | 2 |  2.6
Dodging        | 2 4 |  4.9
Slings         | 4 5 6 7 |  7.8
Fighting       | 3 4 5 7 9 10 12 13 14 | 14.2
Polearms       | 1 2 5 7 9 11 | 11.9
Evocations     | 3 5 6 8 10 11 | 11.8
Shields        | 3 6 7 8 9 10 | 10.8
Armour         | 3 4 6 8 9 |  9.5
Axes           | |  0.1

Action                   |  1- 3 |  4- 6 |  7- 9 | 10-12 | 13-15 | 16-18 || total
-------------------------+-------+-------+-------+-------+-------+-------++-------
Melee: Short sword       |    35 |       |       |       |       |       ||    35
       Hand axe          |     2 |    46 |       |       |       |       ||    48
       Punch             |       |     2 |       |       |       |       ||     2
       Spear             |       |    14 |   122 |   530 |  1110 |   112 ||  1888
       Constrict         |       |       |       |       |   165 |    18 ||   183
       War axe           |       |       |       |       |    27 |     3 ||    30
 Fire: Hunting sling     |    33 |    59 |    31 |    88 |   307 |    14 ||   532
Throw: Dart              |       |     1 |     4 |     8 |    21 |       ||    34
       Javelin           |       |       |       |       |     1 |       ||     1
Invok: Call Merchant     |       |       |       |     1 |     1 |       ||     2
 Abil: Spit Poison       |    41 |    26 |    14 |    37 |    60 |       ||   178
Evoke: Wand              |       |       |       |    12 |     6 |       ||    18
       Phantom mirror    |       |       |       |       |     1 |       ||     1
  Use: Scroll            |       |     3 |     5 |    12 |     8 |     1 ||    29
       Potion            |       |     2 |       |     5 |     6 |     1 ||    14
 Stab: Distracted        |       |       |       |     4 |     4 |       ||     8
       Petrified         |       |       |       |       |     3 |       ||     3
Armor: Leather armour    |     9 |       |       |       |       |       ||     9
       Chain mail        |     1 |    81 |    51 |   137 |   374 |    30 ||   674
Dodge: Dodged            |    38 |    33 |    16 |    41 |    75 |     7 ||   210
Block: Other             |       |    11 |    12 |    13 |       |       ||    36
       Reflection        |       |       |     1 |    14 |    32 |     7 ||    54
       Buckler           |       |       |       |   121 |   414 |    37 ||   572
       Rpst.: Spear      |       |       |       |       |     8 |     2 ||    10
       War axe           |       |       |       |       |     3 |       ||     3
